 Dungeon Crawl Stone Soup version 0.28-a0-1382-g92835e5c71 (webtiles) character file.

Game seed: 8148910076237312402

1526 gimp the Covert (level 8, 0/55 HPs)
             Began as an Octopode Wanderer on Jan 1, 2022.
             Slain by a killer bee (4 damage)
             ... on level 5 of the Dungeon.
             The game lasted 00:11:07 (6305 turns).

gimp the Covert (Octopode Wanderer)                 Turns: 6305, Time: 00:11:08

Health: 0/55       AC:  2    Str: 28    XL:     8   Next: 85%
Magic:  8/8        EV: 15    Int: 11    God:
Gold:   157        SH:  0    Dex: 12    Spells: 7/7 levels left

rFire   . . .      SeeInvis .     - Unarmed
rCold   . . .      Faith    .   (no shield)
rNeg    . . .      Spirit   .   d - +1 hat
rPois   .          Reflect  .   (no amulet)
rElec   .          Harm     .   j - +6 ring of strength
rCorr   .          Rampage  .   p - +6 ring of strength
Will    .....                   (no ring)
Stlth   +++++.....              (no ring)
HPRegen 0.18/turn               (no ring)
MPRegen 0.11/turn               (no ring)
                                (no ring)
                                (no ring)

@: no status effects
A: almost no armour, amphibious, 8 rings, camouflage 1, gelatinous body 1,
(nimble swimmer 1), tentacles
a: no special abilities


You were on level 5 of the Dungeon.
You visited 1 branch of the dungeon, and saw 5 of its levels.
You also visited: Ossuary.

You collected 157 gold pieces.

Inventory:

Hand Weapons
 a - a +2 dagger of venom
Missiles
 g - 19 poisoned darts (quivered)
Armour
 d - a +1 hat (worn)
 l - a +0 tower shield
Jewellery
 j - a +6 ring of strength (left tentacle)
 p - a +6 ring of strength (right tentacle)
Wands
 r - a wand of digging (8)
Scrolls
 b - 4 scrolls of blinking
 c - a scroll of fog
 e - 2 scrolls of fear
 f - 2 scrolls of enchant armour
 i - a scroll of teleportation
 q - 2 scrolls of vulnerability
Potions
 h - 2 potions of attraction
 k - a potion of brilliance
 o - a potion of mutation
 s - a potion of cancellation


   Skills:
 - Level 5.0 Fighting
 - Level 1.0 Throwing
 + Level 5.6 Dodging
 - Level 8.0 Stealth
 + Level 7.3 Unarmed Combat


You had 7 spell levels left.
You didn't know any spells.
Your spell library was empty.

Dungeon Overview and Level Annotations

Branches:
Dungeon (5/15)            Ossuary (visited)
 Temple: D:4-7

Altars:
Qazlal
Trog
Yredelemnul
The Shining One


Innate Abilities, Weirdness & Mutations

You cannot wear most types of armour.
You are amphibious.
You can wear up to eight rings at the same time.
Your skin changes colour to match your surroundings (Stealth+).
Your rubbery body absorbs attacks. (AC +1, EV +1)
((You are camouflaged when in or above water. (Stealth+)))
You have tentacles for arms and can constrict up to eight enemies at once.


Message History

Okay, then.
You are confused.
You feel invigorated.
You feel sick. The killer bee barely misses you. x2
You regained 2 hp, and now have 12/55 hp.
You're too confused to move!
You feel sick. The killer bee closely misses you.
The killer bee barely misses you.
You regained 3 hp, and now have 15/55 hp.
You bump into the rock wall.
You feel sick. The killer bee stings you.
* * * LOW HITPOINT WARNING * * *
The killer bee misses you.
You feel sick. The killer bee stings you.
* * * LOW HITPOINT WARNING * * *
You are more poisoned.
The killer bee poisons you!
You feel sick. The killer bee stings you.
* * * LOW HITPOINT WARNING * * *
You take 3 damage, and have 13/55 hp.
You're too confused to move!
You feel less invigorated.
You feel less confused.
You feel sick. The killer bee closely misses you. The killer bee stings you!
* * * LOW HITPOINT WARNING * * *
You take 6 damage, and have 7/55 hp.
You feel better. The killer bee barely misses you. The killer bee stings you.
* * * LOW HITPOINT WARNING * * *
You miss the killer bee. You grab the killer bee.
You tentacle-slap the killer bee.
The killer bee is moderately wounded.
You constrict the killer bee. The killer bee closely misses you.
The killer bee stings you.
* * * LOW HITPOINT WARNING * * *
You take 4 damage, and have 4/55 hp.
You bludgeon the killer bee!
You kill the killer bee!
The killer bee completely misses you.
You closely miss the killer bee. Your grab misses the killer bee.
Your squeeze misses the killer bee. The killer bee closely misses you.
You barely miss the killer bee. Your grab misses the killer bee.
Your squeeze misses the killer bee. The killer bee misses you.
The killer bee stings you.
You die...

### #.# #.# #.# #@# #y# #.#
############ #.###############
.........#.y. #................
.........#..y. #................
..)......#...y.#................
.........#.....'................
..).....########................


You could see a killer bee.

Vanquished Creatures
  Eustachio (D:5)
  An ice beast (D:5)
  4 necrophages
  2 centaurs (D:5)
  An ogre (D:3)
  A water moccasin zombie (D:3)
  3 killer bees (D:5)
  A howler monkey (D:5)
  3 hounds
  Terence (D:3)
  Natasha (D:4)
  A scorpion zombie (D:3)
  A mummy (Ossuary)
  Robin (D:4)
  6 gnolls
  A howler monkey skeleton (D:4)
  3 adders
  2 white imps
  An adder zombie (D:3)
  An adder skeleton (D:4)
  2 worms
  2 dart slugs (D:3)
  7 orcs
  3 spectral bats (Ossuary)
  10 ball pythons
  5 bats
  4 bat simulacra (Ossuary)
  5 endoplasms
  A giant cockroach (D:4)
  13 goblins
  12 hobgoblins
  10 jackals
  6 quokkas
  5 frilled lizards
  12 gnoll zombies (Ossuary)
  A goblin simulacrum (Ossuary)
  2 goblin skeletons (D:3)
  8 goblin zombies
  4 hobgoblin zombies
  A jackal zombie (D:3)
  12 kobolds
  A kobold simulacrum (Ossuary)
  3 kobold skeletons (D:3)
  9 kobold zombies
  4 orc skeletons
  5 orc zombies
  10 rats
  8 rat simulacra (Ossuary)
  6 spectral goblins (Ossuary)
  A spectral kobold (Ossuary)
  2 spectral rats (Ossuary)
210 creatures vanquished.

Vanquished Creatures (others)
  A plant (D:1)
1 creature vanquished.

Grand Total: 211 creatures vanquished

Notes
Turn   | Place    | Note
-------+----------+-------------------------------------------
     0 | D:1      | gimp the Octopode Wanderer began the quest for the Orb.
     0 | D:1      | gimp set off with the following items: a +0 club, a scroll
                  | of blinking, a scroll of fog, a +0 hat, a scroll of fear
     0 | D:1      | Reached XP level 1. HP: 17/17 MP: 1/1
   109 | D:1      | Reached skill level 3 in Stealth
   113 | D:1      | Reached XP level 2. HP: 22/22 MP: 2/2
   525 | D:1      | Reached XP level 3. HP: 27/27 MP: 3/3
  1789 | D:2      | Reached skill level 4 in Stealth
  2005 | D:3      | Noticed an ogre
  2064 | D:3      | Reached XP level 4. HP: 31/34 MP: 4/4
  2249 | D:3      | Found a glowing golden altar of the Shining One.
  2476 | D:3      | Found a stormy altar of Qazlal.
  2642 | D:3      | Noticed Terence
  2650 | D:3      | Killed Terence
  2651 | D:3      | Reached XP level 5. HP: 31/38 MP: 5/5
  2826 | D:3      | HP: 1/38 [gnoll (1)]
  2828 | D:3      | Reached skill level 5 in Stealth
  3319 | D:3      | Reached skill level 5 in Fighting
  3437 | D:3      | Found a basalt altar of Yredelemnul.
  3478 | D:3      | Reached skill level 1 in Dodging
  3478 | D:3      | Reached XP level 6. HP: 30/45 MP: 6/6
  3698 | D:4      | Noticed a necrophage
  3714 | D:4      | Killed a necrophage
  3715 | D:4      | Reached skill level 6 in Stealth
  3959 | D:4      | Reached skill level 5 in Unarmed Combat
  3959 | D:4      | Reached XP level 7. HP: 48/50 MP: 7/7
  4350 | D:4      | Noticed Robin
  4626 | D:4      | Killed Robin
  4692 | D:4      | Noticed Natasha
  4697 | D:4      | Killed Natasha
  4950 | D:4      | Reached skill level 7 in Stealth
  4993 | D:5      | Entered Level 5 of the Dungeon
  5151 | D:5      | Found a sand-covered staircase.
  5199 | Ossuary  | Entered an ossuary
  5426 | Ossuary  | Reached XP level 8. HP: 55/55 MP: 8/8
  5718 | D:5      | Noticed Eustachio
  5726 | D:5      | Killed Eustachio
  5727 | D:5      | Reached skill level 8 in Stealth
  6051 | D:5      | Reached skill level 5 in Dodging
  6162 | D:5      | Found a bloodstained altar of Trog.
  6305 | D:5      | Slain by a killer bee

Illustrated notes

Levels and vault maps discovered:
D:1:      dpeg_arrival_simpleton_b, layout_basic, serial_bayou_lagoon_a,
          st_stairs_5, serial_park_tiny_2, minmay_tromino_v2
D:2:      layout_loops_ring
D:3:      layout_loops_cross, nicolae_tso_besieged_by_evil,
          nicolae_yredelemnul_corpse_copse, mainiacjoe_overflow_paths,
          grunt_ministairs_12, minmay_checkerbox, uniq_terence
D:4:      layout_basic, uniq_robin, uniq_natasha
D:5:      layout_gridville, trog_butcher_becter, chequers_ossuary_entry_cave,
          uniq_eustachio

Skill      XL: |  1  2  3  4  5  6  7  8 |
---------------+-------------------------+-----
Stealth        | 3 4 5 6 7 8 |  8.0
Unarmed Combat | 4 5 7 |  7.3
Fighting       | 5 |  5.0
Dodging        | 1 2 3 5 |  5.6
Throwing       | |  1.0

Action                   |  1- 3 |  4- 6 |  7- 9 || total
-------------------------+-------+-------+-------++-------
Melee: Unarmed           |   108 |   111 |   233 ||   452
       Constrict         |    23 |    36 |    61 ||   120
       Tentacles         |    17 |    18 |    58 ||    93
       Punch             |     2 |     5 |     9 ||    16
Throw: Dart              |       |    13 |       ||    13
Evoke: Wand              |       |       |     1 ||     1
  Use: Scroll            |       |       |    12 ||    12
       Potion            |       |       |     6 ||     6
 Stab: Sleeping          |     9 |    12 |    26 ||    47
       Distracted        |       |       |     1 ||     1
Armor: Skin              |     5 |     4 |    29 ||    38
Dodge: Dodged            |    56 |    48 |   156 ||   260

Table legend: (Time is in decaauts)
 A = Elapsed time spent in this place.
 B = Non-inter-level travel time spent in this place.
 C = Inter-level travel time spent in this place.
 D = Time resting spent in this place.
 E = Time spent auto-exploring this place.
 F = Levels seen in this place.
 G = Mean time per level.
                   A        B        C        D        E       F      G
               +--------+--------+--------+--------+--------+-----+--------+
         Total |   6265 |   6120 |    145 |    644 |   4135 |   6 | 1044.2 |
       Dungeon |   5790 |   5645 |    145 |    644 |   3852 |   5 | 1158.0 |
       Ossuary |    474 |    474 |      0 |      0 |    283 |   1 |  474.0 |
               +--------+--------+--------+--------+--------+-----+--------+

Top non-repeatable levels by time:
     D:3: 1886 daAuts
     D:1: 1109 daAuts
     D:4: 1056 daAuts
     D:2: 922 daAuts
     D:5: 816 daAuts
 Ossuary: 474 daAuts
